[Event "IV Copa Marcel Duchamp 2020"]
[Site "Montevideo"]
[Date "2020.02.14"]
[Round "8.10"]
[White "Guerrero, Alvaro"]
[Black "Mussanti, Diego"]
[Result "0-1"]
[ECO "B20"]
[WhiteElo "2094"]
[BlackElo "2330"]
[Annotator "ChessBase"]
[PlyCount "120"]
[EventDate "2020.02.08"]
[EventType "swiss"]
[EventCountry "URU"]
[SourceTitle "playchess.com"]
[Source "ChessBase"]
[SourceQuality "1"]
[TimeControl "5400+30"]

1. e4 c5 2. d3 Nc6 3. Nf3 e6 4. g3 g6 5. Bg2 Bg7 6. h4 h6 7. O-O Nge7 8. c3 O-O 9. Be3 b6 10. Qd2 Kh7 11. d4 cxd4 12. cxd4 d5 13. e5 Nf5 14. Bf4 Ba6 15. Rc1 Rc8 16. Na3 Qe7 17. Rc3 Nb4 18. Rb3 Nc6 19. g4 Nxh4 20. Nxh4 Qxh4 21. Rh3 Qxg4 22. Bxh6 Qxh3 23. Bxh3 Bxh6 24. Qd1 Na5 25. Bf1 Bxf1 26. Qxf1 Nc4 27. Nxc4 Rxc4 28. Rd1 Rfc8 29. Kg2 R8c7 30. Qd3 Rc1 31. Rxc1 Bxc1 32. Qa3 Kg7 33. Qf3 Bg5 34. Qg3 Be7 35. Qd3 Rc4 36. b3 Rc7 37. Qb5 Rc2 38. Kg3 Rxa2 39. Qe8 Bf8 40. f3 a6 41. Qd8 b5 42. Qb6 b4 43. Qc6 Rd2 44. Qb6 Rd3 45. Kf2 Rxb3 46. Qxa6 Rc3 47. Qa5 Rc4 48. Qb6 Be7 49. Kg3 Rc3 50. Qb7 Bf8 51. Qa7 b3 52. Qa1 Rc4 53. Qb2 Rb4 54. f4 Rb8 55. f5 exf5 56. Kf4 Ba3 57. Qb1 b2 58. Ke3 Rc8 59. e6 Rc1 60. e7 Rxb1 0-1

[Event "IV Copa Marcel Duchamp 2020"]
[Site "Montevideo"]
[Date "2020.02.14"]
[Round "8.18"]
[White "Muniz, Rafael"]
[Black "Pinero, Ismael"]
[Result "1-0"]
[ECO "A45"]
[WhiteElo "2232"]
[BlackElo "1914"]
[Annotator "RC"]
[PlyCount "85"]
[EventDate "2020.02.08"]
[EventType "swiss"]
[EventCountry "URU"]
[SourceTitle "playchess.com"]
[Source "ChessBase"]
[SourceQuality "1"]
[TimeControl "5400+30"]

1. d4 Nf6 2. Nc3 d5 3. Bf4 c6 4. Qd2 Bf5 5. f3 e6 6. g4 Bg6 7. h4 h5 8. g5 Nh7 9. e3 Bd6 10. Bd3 Nf8 11. e4 Qc7 12. Nge2 Nbd7 13. O-O-O O-O-O 14. Kb1 Kb8 15. Qe3 a6 16. Bxd6 Qxd6 17. Nf4 Qc7 18. Nxg6 Nxg6 19. exd5 exd5 20. Bxg6 fxg6 21. Qe7 Nb6 22. Rhe1 Rhe8 23. Qb4 Ka8 24. a4 Nc4 25. a5 Nd2+ 26. Ka2 Nxf3 27. Rxe8 Rxe8 28. Na4 Nxh4 29. Nb6+ Kb8 30. Re1 Qf7 31. Qd6+ Ka7 32. Nd7 Nf5 33. Qc7 h4 34. Qb6+ Ka8 35. Ne5 Rxe5 36. Qd8+ Ka7 37. Rxe5 h3 38. Re8 Qxe8 39. Qxe8 h2 40. Qh8 Nh6 41. gxh6 h1=Q 42. hxg7 Qf1 43. g8=Q 1-0

[Event "IV Copa Marcel Duchamp 2020"]
[Site "Montevideo"]
[Date "2020.02.15"]
[Round "9.1"]
[White "Acosta, Pablo Ismael"]
[Black "Liascovich, Lucas"]
[Result "1/2-1/2"]
[ECO "A14"]
[WhiteElo "2416"]
[BlackElo "2425"]
[Annotator "ChessBase"]
[PlyCount "39"]
[EventDate "2020.02.08"]
[EventType "swiss"]
[EventCountry "URU"]
[SourceTitle "playchess.com"]
[Source "ChessBase"]
[SourceQuality "1"]
[TimeControl "5400+30"]

1. c4 e6 2. g3 d5 3. Bg2 Nf6 4. Nf3 Be7 5. O-O O-O 6. b3 c5 7. cxd5 Nxd5 8. Bb2 Nc6 9. d4 cxd4 10. Nxd4 Ndb4 11. Nxc6 Nxc6 12. Nd2 Bd7 13. Nc4 Qc7 14. Rc1 Rfd8 15. Qc2 Rac8 16. Ne5 Be8 17. Nxc6 Bxc6 18. Bxc6 Qxc6 19. Qxc6 Rxc6 20. Rxc6 1/2-1/2

[Event "IV Copa Marcel Duchamp 2020"]
[Site "Montevideo"]
[Date "2020.02.15"]
[Round "9.5"]
[White "Hoffman, Alejandro"]
[Black "Michailov, Matias"]
[Result "1/2-1/2"]
[ECO "A45"]
[WhiteElo "2472"]
[BlackElo "2262"]
[Annotator "ChessBase"]
[PlyCount "160"]
[EventDate "2020.02.08"]
[EventType "swiss"]
[EventCountry "URU"]
[SourceTitle "playchess.com"]
[Source "ChessBase"]
[SourceQuality "1"]
[TimeControl "5400+30"]

1. d4 Nf6 2. g3 g6 3. Bg2 Bg7 4. e4 d6 5. Nc3 O-O 6. Nge2 e5 7. h3 c6 8. a4 Qc7 9. O-O a5 10. Be3 Na6 11. f4 exd4 12. Bxd4 Nb4 13. g4 Re8 14. Ng3 b6 15. Rf2 Ba6 16. g5 Nd7 17. Bxg7 Kxg7 18. Qd4+ Kg8 19. Rd1 Rad8 20. Qxd6 Qa7 21. e5 Nf8 22. Qxd8 Rxd8 23. Rxd8 b5 24. Nge4 Kg7 25. Nf6 Qe3 26. Ne8+ Kg8 27. Ne4 Nd5 28. N8f6+ Kg7 29. Ne8+ Kg8 30. N4f6+ Nxf6 31. Nxf6+ Kg7 32. Bxc6 bxa4 33. Rb8 a3 34. bxa3 Qxa3 35. Kg2 Qc3 36. Bf3 a4 37. Ne8+ Kg8 38. Ra8 Bb5 39. Nd6 Bd7 40. Ne4 Qe3 41. Nf6+ Kg7 42. Nxd7 Nxd7 43. Rxa4 Nc5 44. Rc4 Ne6 45. Bg4 Nd4 46. c3 Nf5 47. Bxf5 gxf5 48. h4 Kg6 49. Rd4 Kh5 50. Rfd2 Kg4 51. c4 Qg3+ 52. Kf1 Qf3+ 53. Rf2 Qh1+ 54. Ke2 Qc1 55. Kd3 Qa3+ 56. Ke2 Qc1 57. h5 Qb2+ 58. Ke3 Qc3+ 59. Rd3 Qe1+ 60. Re2 Qg1+ 61. Kd2 Kxf4 62. g6 hxg6 63. hxg6 Qxg6 64. Rd4+ Kg3 65. Re3+ Kf2 66. Rf4+ Kg2 67. Ke1 Qb6 68. Rf2+ Kg1 69. Rg3+ Kh1 70. Rh3+ Kg1 71. Rg3+ Kh1 72. Rd3 Qa5+ 73. Rdd2 Qxe5+ 74. Kd1 Kg1 75. Rg2+ Kh1 76. Rge2 Qa1+ 77. Kc2 Qa2+ 78. Kd3 Qa3+ 79. Kd4 Qd6+ 80. Kc3 Qa3+ 1/2-1/2

[Event "IV Copa Marcel Duchamp 2020"]
[Site "Montevideo"]
[Date "2020.02.15"]
[Round "9.6"]
[White "Mussanti, Diego"]
[Black "Lima, Darcy"]
[Result "1/2-1/2"]
[ECO "B00"]
[WhiteElo "2330"]
[BlackElo "2526"]
[Annotator "RC"]
[PlyCount "134"]
[EventDate "2020.02.08"]
[EventType "swiss"]
[EventCountry "URU"]
[SourceTitle "playchess.com"]
[Source "ChessBase"]
[SourceQuality "1"]
[TimeControl "5400+30"]

1. e4 b6 2. d4 Bb7 3. Nc3 e6 4. Bd3 Nf6 5. Nge2 c5 6. O-O Nc6 7. d5 Nb4 8. a3 Nxd3 9. Qxd3 a6 10. Bg5 d6 11. dxe6 fxe6 12. Nf4 Qd7 13. Bxf6 gxf6 14. Qh3 Bc8 15. Rad1 Qf7 16. Qf3 Rb8 17. Rd3 Be7 18. Nce2 O-O 19. Ng3 Kh8 20. Qd1 Rb7 21. Nfe2 Rg8 22. f4 f5 23. exf5 exf5 24. Nc3 Rg6 25. Nd5 Bf8 26. c4 b5 27. b3 Be6 28. Nh5 Bxd5 29. Rxd5 bxc4 30. bxc4 Rb2 31. Ng3 Bg7 32. Kh1 Bd4 33. Rxf5 Qxc4 34. Rf8+ Kg7 35. Rd8 Qd5 36. Rd7+ Kg8 37. Qf3 Qxf3 38. Rxf3 Rb1+ 39. Nf1 c4 40. f5 Rh6 41. Rc7 c3 42. g4 Bc5 43. f6 Rxf6 44. Rxf6 c2 45. Rff7 Bd4 46. Kg2 c1=Q 47. Rxc1 Rb2+ 48. Kh3 Kxf7 49. Ng3 Ra2 50. Rc6 Rxa3 51. Rxd6 Be5 52. Rh6 Kg7 53. Rc6 Ra2 54. g5 a5 55. Ra6 a4 56. Kg4 a3 57. Nh5+ Kf7 58. Kf5 Bd4 59. Ke4 Bc5 60. Nf4 Rxh2 61. Nd3 Re2+ 62. Kf5 Bf8 63. Ne5+ Kg8 64. Ra8 a2 65. Nd7 Rf2+ 66. Kg4 Kg7 67. Nxf8 Rxf8 1/2-1/2

[Event "IV Copa Marcel Duchamp 2020"]
[Site "Montevideo"]
[Date "2020.02.15"]
[Round "9.7"]
[White "Diaz Hollemaert, Nahuel"]
[Black "Lopez Azambuja, Nicolas"]
[Result "1/2-1/2"]
[ECO "A13"]
[WhiteElo "2450"]
[BlackElo "2310"]
[Annotator "ChessBase"]
[PlyCount "43"]
[EventDate "2020.02.08"]
[EventType "swiss"]
[EventCountry "URU"]
[SourceTitle "playchess.com"]
[Source "ChessBase"]
[SourceQuality "1"]
[TimeControl "5400+30"]

1. c4 Nf6 2. g3 e6 3. Bg2 d5 4. Nf3 dxc4 5. Qa4+ Bd7 6. Qxc4 c5 7. Ne5 Qc8 8. b3 Nc6 9. f4 b5 10. Qc2 Nxe5 11. fxe5 Bc6 12. exf6 Bxg2 13. Rg1 Bb7 14. fxg7 Bxg7 15. Bb2 e5 16. g4 O-O 17. Na3 Qc6 18. Rc1 Rac8 19. Qf5 Rcd8 20. Qf2 Qd6 21. Nb1 Rc8 22. Rg3 1/2-1/2

[Event "IV Copa Marcel Duchamp 2020"]
[Site "Montevideo"]
[Date "2020.02.15"]
[Round "9.8"]
[White "Roselli Mailhe, Bernardo"]
[Black "Brizzi, Milagros Tatiana"]
[Result "1-0"]
[ECO "D12"]
[WhiteElo "2433"]
[BlackElo "2022"]
[Annotator "ChessBase"]
[PlyCount "145"]
[EventDate "2020.02.08"]
[EventType "swiss"]
[EventCountry "URU"]
[SourceTitle "playchess.com"]
[Source "ChessBase"]
[SourceQuality "1"]
[TimeControl "5400+30"]

1. d4 d5 2. c4 c6 3. Nf3 Nf6 4. e3 Bf5 5. Nc3 e6 6. Nh4 Bg6 7. Nxg6 hxg6 8. Bd2 Nbd7 9. cxd5 exd5 10. Qc2 Be7 11. Bd3 Qc7 12. h3 Rc8 13. O-O-O c5 14. Kb1 a6 15. g4 c4 16. Be2 Qc6 17. Bf3 Nb6 18. g5 Nh5 19. Rhg1 Rd8 20. Rde1 Kf8 21. Qd1 Qc7 22. a3 Qd7 23. Bg4 Qe8 24. f4 f5 25. gxf6 gxf6 26. f5 Ng7 27. fxg6 Qxg6+ 28. Ka2 Qf7 29. Ne2 Nc8 30. Bxc8 Rxc8 31. Nf4 Rg8 32. Qf3 Ne6 33. Rxg8+ Qxg8 34. Qxd5 Nxf4 35. Qxg8+ Kxg8 36. exf4 Kf7 37. f5 Rd8 38. Bc3 Rd5 39. Rf1 Bf8 40. Kb1 b5 41. Kc2 Bh6 42. Rf3 Bg5 43. Kd1 a5 44. Bxa5 Rxd4+ 45. Ke2 Re4+ 46. Kf1 Re5 47. Bc3 Re4 48. Kg2 Bh4 49. Rf1 Bg5 50. Rd1 Re2+ 51. Kf3 Re3+ 52. Kf2 Rxh3 53. Rd7+ Ke8 54. Rb7 Rd3 55. Rxb5 Kd7 56. Rb4 Rd5 57. Rxc4 Rxf5+ 58. Ke2 Rb5 59. a4 Rb3 60. Kd3 Rb6 61. Bd4 Ra6 62. b3 Ke6 63. Rc5 Bf4 64. Kc4 Bd6 65. Rh5 Ra8 66. a5 Be5 67. Bb6 Rc8+ 68. Kb5 Kd5 69. a6 Ra8 70. a7 Kd6 71. Rh1 Kd7 72. Rd1+ Ke6 73. Rd8 {[%emt 0:00:30] Kd5} 1-0

[Event "IV Copa Marcel Duchamp 2020"]
[Site "Montevideo"]
[Date "2020.02.15"]
[Round "9.9"]
[White "Amura, Claudia"]
[Black "Menna Barreto, Felipe Kubiaki"]
[Result "1/2-1/2"]
[ECO "D20"]
[WhiteElo "2245"]
[BlackElo "2395"]
[Annotator "ChessBase"]
[PlyCount "65"]
[EventDate "2020.02.08"]
[EventType "swiss"]
[EventCountry "URU"]
[SourceTitle "playchess.com"]
[Source "ChessBase"]
[SourceQuality "1"]
[TimeControl "5400+30"]

1. d4 d5 2. c4 dxc4 3. e4 Nc6 4. Be3 Nf6 5. e5 Nd5 6. Bxc4 Bf5 7. Nc3 Ncb4 8. Rc1 e6 9. Nf3 Be7 10. a3 Nxc3 11. bxc3 Nd5 12. Qb3 O-O 13. O-O Rb8 14. Rfd1 c6 15. Bd3 Bxd3 16. Rxd3 b5 17. Nd2 Qa5 18. Ne4 Qa4 19. Qxa4 bxa4 20. c4 Nxe3 21. fxe3 f6 22. exf6 gxf6 23. c5 Rfd8 24. Rc4 f5 25. Nd6 Rb1+ 26. Kf2 Rb2+ 27. Kf3 Bxd6 28. cxd6 Rxd6 29. Rxa4 e5 30. Rc3 exd4 31. exd4 Rd2 32. Rcc4 a5 33. Rxa5 1/2-1/2

[Event "IV Copa Marcel Duchamp 2020"]
[Site "Montevideo"]
[Date "2020.02.15"]
[Round "9.10"]
[White "Rodriguez Vila, Andres"]
[Black "Muniz, Rafael"]
[Result "1-0"]
[ECO "A45"]
[WhiteElo "2492"]
[BlackElo "2232"]
[Annotator "ChessBase"]
[PlyCount "85"]
[EventDate "2020.02.08"]
[EventType "swiss"]
[EventCountry "URU"]
[SourceTitle "playchess.com"]
[Source "ChessBase"]
[SourceQuality "1"]
[TimeControl "5400+30"]

1. d4 Nf6 2. Bf4 d5 3. e3 e6 4. Nc3 a6 5. g4 c5 6. g5 Nfd7 7. Nf3 Nc6 8. Bg2 Be7 9. h4 Qa5 10. O-O h6 11. gxh6 gxh6 12. e4 cxd4 13. Nxd4 Nxd4 14. Qxd4 Bf6 15. e5 Bg7 16. Rfe1 Qc5 17. Qd3 Nb6 18. a4 Bd7 19. a5 Nc8 20. Qg3 Bf8 21. b4 Qxb4 22. Reb1 Qc5 23. Rxb7 Ne7 24. Rxd7 Kxd7 25. Na4 Qxa5 26. Qb3 Ke8 27. Rb1 Rg8 28. Qb7 Rd8 29. Nb6 Qc3 30. Qxa6 Bg7 31. Kh1 Kf8 32. Nd7+ Ke8 33. Nb8 Qc4 34. Qa5 Qxf4 35. Qb5+ Kf8 36. Nd7+ Rxd7 37. Qb8+ Nc8 38. Qxc8+ Ke7 39. Qc5+ Ke8 40. Rb8+ Rd8 41. Qc6+ Ke7 42. Qc7+ Rd7 43. Qc5+ 1-0

[Event "IV Copa Marcel Duchamp 2020"]
[Site "Montevideo"]
[Date "2020.02.15"]
[Round "9.11"]
[White "Vazquez, Facundo"]
[Black "Garcia Palermo, Carlos"]
[Result "1/2-1/2"]
[ECO "E16"]
[WhiteElo "2155"]
[BlackElo "2434"]
[Annotator "ChessBase"]
[PlyCount "137"]
[EventDate "2020.02.08"]
[EventType "swiss"]
[EventCountry "URU"]
[SourceTitle "playchess.com"]
[Source "ChessBase"]
[SourceQuality "1"]
[TimeControl "5400+30"]

1. d4 Nf6 2. c4 e6 3. Nf3 Bb4+ 4. Bd2 Qe7 5. g3 Bxd2+ 6. Qxd2 Nc6 7. Nc3 d5 8. cxd5 exd5 9. Bg2 O-O 10. O-O Bg4 11. Qf4 Rfe8 12. Rfe1 Rad8 13. Rad1 a6 14. h3 Bc8 15. g4 Ne4 16. Nxe4 dxe4 17. Ng5 Nxd4 18. Rc1 c6 19. Nxe4 f5 20. gxf5 Bxf5 21. e3 Ne2+ 22. Rxe2 Bxe4 23. Bxe4 Qxe4 24. Qxe4 Rxe4 25. f3 Rh4 26. Kg2 Rd6 27. Rh1 Rc4 28. f4 a5 29. e4 Kf7 30. Rf1 Rdd4 31. Kf3 a4 32. Rff2 b5 33. f5 c5 34. Kf4 b4 35. b3 axb3 36. axb3 Rc3 37. Ra2 Rd7 38. Rfc2 Rxb3 39. Rxc5 Rxh3 40. Rb5 Rh4+ 41. Ke3 b3 42. Rb2 Rh3+ 43. Kf4 Re7 44. Rb4 h6 45. R2xb3 Rh4+ 46. Kf3 Rexe4 47. Rxe4 Rh3+ 48. Kf4 Rxb3 49. Ra4 Rb6 50. Ke5 Kg8 51. Kf4 Kh7 52. Rc4 Rb1 53. Ra4 Rf1+ 54. Kg4 Rg1+ 55. Kf4 h5 56. Ra6 Rg4+ 57. Kf3 Kg8 58. Rg6 Rxg6 59. fxg6 Kf8 60. Kf4 Ke7 61. Kg5 h4 62. Kxh4 Kf6 63. Kh5 Kf5 64. Kh4 Kxg6 65. Kg4 Kf6 66. Kf4 g5+ 67. Kg4 Kg6 68. Kg3 g4 69. Kxg4 1/2-1/2

[Event "IV Copa Marcel Duchamp 2020"]
[Site "Montevideo"]
[Date "2020.02.15"]
[Round "9.12"]
[White "Munoz Perez, Rolando"]
[Black "Vitoux, Colomban"]
[Result "1/2-1/2"]
[ECO "D91"]
[WhiteElo "2130"]
[BlackElo "2377"]
[Annotator "ChessBase"]
[PlyCount "92"]
[EventDate "2020.02.08"]
[EventType "swiss"]
[EventCountry "URU"]
[SourceTitle "playchess.com"]
[Source "ChessBase"]
[SourceQuality "1"]
[TimeControl "5400+30"]

1. d4 Nf6 2. c4 g6 3. Nc3 d5 4. Nf3 Bg7 5. Bg5 Ne4 6. cxd5 Nxg5 7. Nxg5 c6 8. Nf3 cxd5 9. Qb3 e6 10. e3 Nc6 11. Be2 O-O 12. O-O Na5 13. Qc2 Bd7 14. Rac1 Qe7 15. Bb5 Bxb5 16. Nxb5 a6 17. Nc3 Rfc8 18. b3 Rc6 19. Qb2 Rac8 20. Ne2 f6 21. Rfd1 Bf8 22. Rxc6 Rxc6 23. Rc1 Qc7 24. Rxc6 Nxc6 25. Qc2 Qa5 26. g3 Bb4 27. e4 Kf7 28. Nf4 Bd6 29. exd5 exd5 30. Nd3 Qb6 31. Qc3 Qd8 32. Nc5 Qe7 33. Nxa6 Qe4 34. Nc5 Bxc5 35. dxc5 d4 36. Qc4+ Kg7 37. Nd2 Qe1+ 38. Nf1 Ne5 39. Qd5 d3 40. Kg2 Kh6 41. h3 g5 42. a3 Qc3 43. Qd6 Kg6 44. Qd5 Kh6 45. Qd6 Kg6 46. Qd5 Kh6 1/2-1/2

[Event "IV Copa Marcel Duchamp 2020"]
[Site "Montevideo"]
[Date "2020.02.15"]
[Round "9.13"]
[White "Contin, Daniel"]
[Black "Coppola, Claudio"]
[Result "0-1"]
[ECO "A10"]
[WhiteElo "2267"]
[BlackElo "2314"]
[Annotator "ChessBase"]
[PlyCount "106"]
[EventDate "2020.02.08"]
[EventType "swiss"]
[EventCountry "URU"]
[SourceTitle "playchess.com"]
[Source "ChessBase"]
[SourceQuality "1"]
[TimeControl "5400+30"]

1. c4 b6 2. d4 Bb7 3. Nc3 e6 4. a3 f5 5. d5 Nf6 6. g3 Be7 7. Bg2 Na6 8. b4 O-O 9. Nh3 exd5 10. Nf4 Ne4 11. Ncxd5 Bf6 12. Ra2 Nc3 13. Nxc3 Bxg2 14. Nxg2 Bxc3+ 15. Kf1 Qe7 16. Qd3 Be5 17. h4 c6 18. Bf4 Rad8 19. Rd2 Nc7 20. Qe3 Rfe8 21. Bg5 Bf6 22. Qxe7 Bxe7 23. Bf4 Ne6 24. Ne3 Nxf4 25. gxf4 g6 26. Kg2 a5 27. Rhd1 axb4 28. axb4 Bxb4 29. Rxd7 Rxd7 30. Rxd7 Bc5 31. Kf3 Re4 32. Rd8+ Kf7 33. Rd7+ Ke6 34. Rxh7 Bxe3 35. fxe3 Rxc4 36. h5 gxh5 37. Rh6+ Kd7 38. Rxh5 Ke6 39. Rh6+ Kf7 40. Kg3 b5 41. Kh4 b4 42. Kg5 Rc5 43. e4 b3 44. exf5 b2 45. Rh1 Rc1 46. Rh7+ Kg8 47. Ra7 b1=Q 48. Ra8+ Kf7 49. Ra7+ Ke8 50. Ra8+ Kd7 51. Ra7+ Kd6 52. e4 Qxe4 53. Kf6 Qd4+ {[%emt 0:00:07] Ke5+ Kxe5} 0-1

[Event "IV Copa Marcel Duchamp 2020"]
[Site "Montevideo"]
[Date "2020.02.15"]
[Round "9.14"]
[White "Suarez, Pedro"]
[Black "Larrea, Manuel"]
[Result "0-1"]
[ECO "E97"]
[WhiteElo "2063"]
[BlackElo "2243"]
[Annotator "ChessBase"]
[PlyCount "70"]
[EventDate "2020.02.08"]
[EventType "swiss"]
[EventCountry "URU"]
[SourceTitle "playchess.com"]
[Source "ChessBase"]
[SourceQuality "1"]
[TimeControl "5400+30"]

1. d4 Nf6 2. c4 g6 3. Nc3 Bg7 4. e4 d6 5. Be2 O-O 6. Nf3 e5 7. O-O Nc6 8. d5 Ne7 9. b4 c6 10. Ba3 cxd5 11. cxd5 Ne8 12. Nd2 f5 13. Nc4 fxe4 14. b5 Bf5 15. b6 axb6 16. Nb5 Nc8 17. Qb3 Rf6 18. Rad1 Kh8 19. Bc1 Rf7 20. Be3 Nf6 21. Nc3 Nd7 22. g4 Qh4 23. gxf5 gxf5 24. f4 Bh6 25. Bf2 Rg7+ 26. Bg3 Rxg3+ 27. hxg3 Qxg3+ 28. Kh1 Ne7 29. Nxe4 Qh4+ 30. Kg2 fxe4 31. Qh3 Rg8+ 32. Kh2 Bxf4+ 33. Rxf4 Qxf4+ 34. Kh1 Nf5 35. Rg1 Ng3+ 0-1

[Event "IV Copa Marcel Duchamp 2020"]
[Site "Montevideo"]
[Date "2020.02.15"]
[Round "9.15"]
[White "Meskanen, Vesa"]
[Black "Carbone, Diego"]
[Result "1/2-1/2"]
[ECO "D85"]
[WhiteElo "2019"]
[BlackElo "2239"]
[Annotator "ChessBase"]
[PlyCount "72"]
[EventDate "2020.02.08"]
[EventType "swiss"]
[EventCountry "URU"]
[SourceTitle "playchess.com"]
[Source "ChessBase"]
[SourceQuality "1"]
[TimeControl "5400+30"]

1. d4 Nf6 2. Nf3 g6 3. c4 Bg7 4. Nc3 d5 5. cxd5 Nxd5 6. e4 Nxc3 7. bxc3 c5 8. Be2 Nc6 9. Be3 Qa5 10. O-O Qxc3 11. Rc1 Qa3 12. Rxc5 O-O 13. Qd2 Rd8 14. Rfc1 Bg4 15. R1c3 Qb4 16. Rb5 Qd6 17. Rxb7 Bxf3 18. Bxf3 Nxd4 19. Bxd4 Bxd4 20. Rcc7 Rac8 21. Qc2 Bc5 22. Rxc8 Rxc8 23. Rb1 Rd8 24. Rd1 Bd4 25. g3 h5 26. Kg2 h4 27. Qe2 e5 28. Bg4 Rb8 29. Rd2 Qe7 30. Rc2 Kg7 31. Qf3 Rb1 32. Kh3 Rb6 33. gxh4 Rf6 34. Qg3 Rf4 35. h5 Qf6 36. f3 g5 1/2-1/2

[Event "IV Copa Marcel Duchamp 2020"]
[Site "Montevideo"]
[Date "2020.02.15"]
[Round "9.16"]
[White "Shtemler, Lavi"]
[Black "Pichuaga, Juan Pablo"]
[Result "1/2-1/2"]
[ECO "B01"]
[WhiteElo "2199"]
[BlackElo "2030"]
[Annotator "ChessBase"]
[PlyCount "97"]
[EventDate "2020.02.08"]
[EventType "swiss"]
[EventCountry "URU"]
[SourceTitle "playchess.com"]
[Source "ChessBase"]
[SourceQuality "1"]
[TimeControl "5400+30"]

1. e4 d5 2. exd5 Qxd5 3. Nc3 Qa5 4. d4 c6 5. Nf3 Nf6 6. Bc4 Bg4 7. O-O e6 8. h3 Bh5 9. Bd2 Qd8 10. g4 Bg6 11. Qe2 Be7 12. Bg5 Nd5 13. Nxd5 Bxg5 14. Nxg5 cxd5 15. Nxe6 fxe6 16. Qxe6+ Kf8 17. Bxd5 Nc6 18. Rae1 Qf6 19. Bxc6 bxc6 20. Qxf6+ gxf6 21. Re6 Rc8 22. Rxf6+ Ke7 23. g5 Rhf8 24. Re1+ Kd7 25. Ree6 Rxf6 26. Rxf6 Bxc2 27. f4 Rb8 28. b3 Rb4 29. h4 Rxd4 30. h5 Bb1 31. Kf2 Rd5 32. Rf7+ Ke6 33. Rf6+ Kd7 34. Ke3 Bf5 35. Rf7+ Ke6 36. Rxa7 Rd3+ 37. Ke2 Rh3 38. h6 Rh4 39. Ke3 Rh3+ 40. Ke2 Kd5 41. Re7 Kd4 42. Kf2 Be4 43. Rd7+ Kc5 44. Re7 Kd5 45. Ke2 Rh2+ 46. Ke3 Rh3+ 47. Ke2 Rh2+ 48. Ke3 Rh3+ 49. Ke2 1/2-1/2

[Event "IV Copa Marcel Duchamp 2020"]
[Site "Montevideo"]
[Date "2020.02.15"]
[Round "9.17"]
[White "El Ters, Antouan"]
[Black "Montanu, Dan-Vladimir"]
[Result "1-0"]
[ECO "C52"]
[WhiteElo "2189"]
[BlackElo "1983"]
[Annotator "NA"]
[PlyCount "105"]
[EventDate "2020.02.08"]
[EventType "swiss"]
[EventCountry "URU"]
[SourceTitle "playchess.com"]
[Source "ChessBase"]
[SourceQuality "1"]
[TimeControl "5400+30"]

1. e4 e5 2. Nf3 Nc6 3. Bc4 Bc5 4. b4 Bxb4 5. c3 Ba5 6. d4 exd4 7. O-O Nge7 8. cxd4 d5 9. exd5 Nxd5 10. Qb3 Nce7 11. Ba3 $1 c6 12. Nbd2 $11 (12. Bxd5 $14 Qxd5 13. Qe3) 12... Bxd2 13. Nxd2 b5 14. Bxd5 Nxd5 15. Rfe1+ Be6 16. Bc5 Ne7 17. Rxe6 fxe6 18. Qxe6 Qd7 19. Re1 O-O-O 20. Qxe7 Rhe8 21. Qxd7+ Kxd7 22. Ne4 a5 23. f3 Kc7 24. Rc1 b4 25. Kf2 Rd5 26. Ke3 Re6 27. Kd3 Rf5 28. Rc2 g5 29. h3 h6 30. Rb2 Rd5 31. a3 bxa3 32. Rb3 a2 33. Ra3 Rd8 34. Rxa5 Rb8 35. Rxa2 Rb1 36. Ra7+ Kb8 37. Rf7 Re1 38. Bd6+ Ka8 39. Be5 Rd1+ 40. Ke2 Rc1 41. Kd2 Rg1 42. g3 Rg2+ 43. Kc3 Rg1 44. Nc5 Rc1+ 45. Kb4 Rb1+ 46. Ka5 Re8 47. Ka6 Ra1+ 48. Kb6 Rb1+ 49. Kxc6 Rd8 50. g4 Rb2 51. Na4 Rc2+ 52. Kb6 Rc1 53. Ra7# 1-0

[Event "IV Copa Marcel Duchamp 2020"]
[Site "Montevideo"]
[Date "2020.02.15"]
[Round "9.18"]
[White "Carvalho, Guillermo"]
[Black "Rodriguez Farias, Eduardo"]
[Result "1-0"]
[ECO "A46"]
[WhiteElo "2187"]
[BlackElo "1963"]
[Annotator "NA"]
[PlyCount "71"]
[EventDate "2020.02.08"]
[EventType "swiss"]
[EventCountry "URU"]
[SourceTitle "playchess.com"]
[Source "ChessBase"]
[SourceQuality "1"]
[TimeControl "5400+30"]

1. d4 Nf6 2. Nf3 d6 3. Nc3 Nbd7 4. e4 e5 5. Be2 Be7 6. O-O O-O 7. h3 c6 8. Re1 Re8 9. Bf1 Qc7 10. g3 Bf8 11. Bg2 g6 12. Bg5 h6 13. Be3 Bg7 14. Qd2 Kh7 15. Rad1 Rb8 16. dxe5 dxe5 $14 17. Bxa7 Ra8 18. Be3 Qa5 19. Qc1 Nc5 20. Nd2 Be6 21. a3 Na4 22. Nxa4 Qxa4 23. Nb1 Bf8 24. b3 Qa5 25. Qb2 Rad8 26. Bd2 Qc7 27. Be3 Bg7 28. Nc3 Ng8 29. Na4 Rxd1 30. Rxd1 Ne7 31. Bb6 Qc8 32. Kh2 f5 33. Nc5 f4 34. Rd6 Ng8 35. Nxe6 Rxe6 36. Rd8 1-0

[Event "IV Copa Marcel Duchamp 2020"]
[Site "Montevideo"]
[Date "2020.02.15"]
[Round "9.19"]
[White "Dotta, Gian Franco"]
[Black "Benoit, Rodrigo"]
[Result "0-1"]
[ECO "B06"]
[WhiteElo "2000"]
[BlackElo "2170"]
[Annotator "ChessBase"]
[PlyCount "84"]
[EventDate "2020.02.08"]
[EventType "swiss"]
[EventCountry "URU"]
[SourceTitle "playchess.com"]
[Source "ChessBase"]
[SourceQuality "1"]
[TimeControl "5400+30"]

1. e4 g6 2. d4 Bg7 3. Nc3 d6 4. f4 c6 5. Nf3 Bg4 6. Be3 e6 7. h3 Bxf3 8. Qxf3 Ne7 9. Bd3 f5 10. d5 fxe4 11. Nxe4 exd5 12. Ng5 Qd7 13. f5 Nxf5 14. Bxf5 Qxf5 15. O-O Qxf3 16. Rxf3 Be5 17. Raf1 Na6 18. Ne6 Ke7 19. Ng7 Bxg7 20. Rf7+ Ke6 21. Rxg7 Raf8 22. Re1 Rf5 23. Bg5+ Re5 24. Rxe5+ dxe5 25. Rxb7 d4 26. Rxa7 Nb4 27. c3 Nd3 28. cxd4 exd4 29. Re7+ Kd6 30. Re4 c5 31. Bf6 Ra8 32. Rh4 Nxb2 33. Kh2 d3 34. Bc3 Rxa2 35. Rxh7 Na4 36. Ba5 Nb6 37. Bxb6 d2 38. Rh8 Kc6 39. Rd8 Kxb6 40. Kg3 c4 41. Kf3 c3 42. Ke2 Ra1 0-1

[Event "IV Copa Marcel Duchamp 2020"]
[Site "Montevideo"]
[Date "2020.02.15"]
[Round "9.20"]
[White "Durante, Aurelio"]
[Black "Dominguez, Facundo"]
[Result "1/2-1/2"]
[ECO "B40"]
[WhiteElo "1955"]
[BlackElo "2135"]
[Annotator "NA"]
[PlyCount "89"]
[EventDate "2020.02.08"]
[EventType "swiss"]
[EventCountry "URU"]
[SourceTitle "playchess.com"]
[Source "ChessBase"]
[SourceQuality "1"]
[TimeControl "5400+30"]

1. e4 c5 2. Nf3 e6 3. c3 Nc6 4. d4 cxd4 5. cxd4 d5 6. exd5 exd5 7. Nc3 Nf6 8. a3 Be7 9. Be2 {[%emt 0:00:38] D40: Queen's Gambit Declined: Semi-Tarrasch with 5 e3.} O-O 10. O-O Bf5 {[%emt 0:02:44] [#]} 11. Bf4 $146 ({Predecessor:} 11. Be3 Rc8 12. Rc1 Ne4 13. Nxe4 dxe4 14. Ne5 Nxe5 15. dxe5 Rxc1 16. Qxc1 Qa5 17. Bd4 {½-½ (36) Rott,G (2221)-Schiefelbusch,D (2135) Dortmund 2010}) 11... Rc8 12. Rc1 Ne4 13. Qb3 Na5 14. Qa2 Be6 15. Bd3 Nxc3 16. Rxc3 Rxc3 17. bxc3 Qc8 18. Rc1 Rd8 19. Bg5 $15 Bxg5 20. Nxg5 h6 21. Nf3 Rd7 22. Bb1 Nc4 23. h4 Rc7 24. Qc2 g6 25. Qa2 Bf5 26. a4 Re7 27. Re1 Rxe1+ 28. Nxe1 Bxb1 29. Qxb1 Qe8 30. Nf3 b6 31. Qc1 Kg7 32. Qf4 Qe7 33. g4 Nd6 34. h5 Ne4 35. hxg6 fxg6 36. Ne5 Nxc3 37. Qf3 Ne4 38. Kg2 Qf6 39. Qe3 Ng5 40. Qb3 Ne6 41. Kg1 Nf4 42. Qc2 Ne6 43. Qd3 Nf4 44. Qc2 Ne6 45. Qc6 1/2-1/2